WCL
GASTONIA ROCKETS @ ANDERSON REBELS
08/02/1982
 
TOP OF THE 1ST
Gastonia Rockets batting - Pitching for Anderson Rebels : RHP Steven Smith
Pitching: RHP Steven Smith
Batting: RHB Jackie Wright 0-0: Ball
1-0: Fly out, F6 (Flyball, 56D, EV 86.3 MPH)
Batting: RHB James Crawford 0-0: Called Strike
0-1: SINGLE (Groundball, 5S, EV 67.5 MPH) (infield hit)
Batting: RHB john W Russell 0-0: Ball
James Crawford is caught stealing 2nd base 2-4
1-0: Ball
2-0: SOLO HOME RUN (Flyball, 7LD, EV 109.4 MPH), Distance : 345 ft
Batting: RHB Mark Davidson 0-0: Ball
1-0: Ball
2-0: Ball
3-0: Foul Ball, location: 2F
3-1: Foul Ball, location: 2F
3-2: SINGLE (Line Drive, 8RS, EV 100.6 MPH)
Batting: RHB Gary Skow 0-0: Called Strike
0-1: Ball
1-1: Ball
2-1: SINGLE (Groundball, 56D, EV 97.5 MPH)
Mark Davidson to second
Batting: RHB Lance Viola 0-0: Called Strike
0-1: Ball
1-1: Ball
Wild Pitch!
Mark Davidson to third
Gary Skow to second
2-1: SINGLE (Line Drive, 9S, EV 95.0 MPH)
Mark Davidson scores
Gary Skow to third
Runner from 3rd tries for Home, SAFE, throw by RF to home
Batting: RHB Pat Dumouchelle 0-0: Called Strike
0-1: Ball
1-1: Called Strike
1-2: SINGLE (Groundball, 6MD, EV 101.9 MPH)
Lance Viola to second
Runner from 2nd tries for 3rd, SAFE, throw by CF made to third
Batting: RHB Jorge Monroig 0-0: Fly out, F9 (Flyball, 9LM, EV 80.6 MPH)
Top of the 1st over - 3 runs, 6 hits, 0 errors, 2 left on base; Gastonia 3 - Anderson 0
BOTTOM OF THE 1ST
Anderson Rebels batting - Pitching for Gastonia Rockets : RHP Rod Boxberger
Pitching: RHP Rod Boxberger
Batting: RHB Mike Gallego 0-0: Ball
1-0: Ball
2-0: Called Strike
2-1: Foul Ball, location: 2F
2-2: Ball
3-2: Base on Balls
Batting: RHB Juan Blanco 0-0: Ball
1-0: Called Strike
Mike Gallego is caught stealing 2nd base 2-4
1-1: SINGLE (Groundball, 56D, EV 98.1 MPH)
Batting: RHB Henry Cotto 0-0: Ball
1-0: Ball
2-0: Called Strike
2-1: Fly out, F6 (Popup, 4MD, EV 73.8 MPH)
Batting: RHB Todd Demeter 0-0: Ball
1-0: Ball
2-0: Ball
3-0: Called Strike
3-1: Base on Balls
Juan Blanco to second
Batting: RHB Steve Lombardozzi 0-0: Ball
1-0: Ball
2-0: Swinging Strike
2-1: Foul Ball, location: 2F
2-2: Fly out, F8 (Line Drive, 8LM, EV 85.0 MPH)
Bottom of the 1st over - 0 runs, 1 hit, 0 errors, 2 left on base; Gastonia 3 - Anderson 0
TOP OF THE 2ND
Gastonia Rockets batting - Pitching for Anderson Rebels : RHP Steven Smith
Batting: RHB Donald Murelli 0-0: Called Strike
0-1: Ground out 6-3 (Groundball, 6, EV 91.9 MPH)
Batting: RHB Jackie Wright 0-0: Called Strike
0-1: Ball
1-1: Foul Ball, location: 2F
1-2: Ball
2-2: Ground out U3 (Groundball, 34S, EV 84.4 MPH)
Batting: RHB James Crawford 0-0: Foul Ball, location: 2F
0-1: Ball
1-1: Swinging Strike
1-2: Strikes out swinging, 2-3 out at first.
Top of the 2nd over - 0 runs, 0 hits, 0 errors, 0 left on base; Gastonia 3 - Anderson 0
BOTTOM OF THE 2ND
Anderson Rebels batting - Pitching for Gastonia Rockets : RHP Rod Boxberger
Batting: LHB Eli Aldridge 0-0: Called Strike
0-1: Ball
1-1: Ball
2-1: Swinging Strike
2-2: Foul Ball, location: 2F
2-2: Ball
3-2: Strikes out swinging
Batting: RHB Guillermo Montiel 0-0: Ball
1-0: Foul Ball, location: 2F
1-1: Swinging Strike
1-2: Fly out, F8 (Flyball, 8RD, EV 96.3 MPH)
Batting: RHB Pat Dempsey 0-0: Fly out, F5 (Line Drive, 5, EV 75.6 MPH)
Bottom of the 2nd over - 0 runs, 0 hits, 0 errors, 0 left on base; Gastonia 3 - Anderson 0
TOP OF THE 3RD
Gastonia Rockets batting - Pitching for Anderson Rebels : RHP Steven Smith
Batting: RHB john W Russell 0-0: Called Strike
0-1: Called Strike
0-2: Strikes out looking
Batting: RHB Mark Davidson 0-0: Fly out, F9 (Flyball, 9, EV 86.3 MPH)
Batting: RHB Gary Skow 0-0: Ball
1-0: Called Strike
1-1: Ball
2-1: Foul Ball, location: 2F
2-2: DOUBLE (Line Drive, 5D, EV 100.0 MPH)
Batting: RHB Lance Viola 0-0: Ground out 5-3 (Groundball, 56, EV 80.0 MPH)
Top of the 3rd over - 0 runs, 1 hit, 0 errors, 1 left on base; Gastonia 3 - Anderson 0
BOTTOM OF THE 3RD
Anderson Rebels batting - Pitching for Gastonia Rockets : RHP Rod Boxberger
Batting: RHB Jose Bernhardt 0-0: Ball
1-0: Foul Ball, location: 2F
1-1: Ball
2-1: Ground out 6-3 (Groundball, 6, EV 83.8 MPH)
Batting: RHB Mike Gallego 0-0: Ball
1-0: Ground out 5-3 (Groundball, 56, EV 80.6 MPH)
Batting: RHB Juan Blanco 0-0: Ball
1-0: Fly out, F8 (Flyball, 89M, EV 88.1 MPH)
Bottom of the 3rd over - 0 runs, 0 hits, 0 errors, 0 left on base; Gastonia 3 - Anderson 0
TOP OF THE 4TH
Gastonia Rockets batting - Pitching for Anderson Rebels : RHP Steven Smith
Batting: RHB Pat Dumouchelle 0-0: Ball
1-0: Called Strike
1-1: Foul Ball, location: 2F
1-2: Ball
2-2: Foul Ball, location: 2F
2-2: Foul Ball, location: 2F
2-2: Foul Ball, location: 2F
2-2: Foul Ball, location: 2F
2-2: Ground out 5-3 (Groundball, 56S, EV 81.9 MPH)
Batting: RHB Jorge Monroig 0-0: Ball
1-0: Foul Ball, location: 2F
1-1: Fly out, F8 (Flyball, 89D, EV 105.0 MPH)
Batting: RHB Donald Murelli 0-0: Ball
1-0: Called Strike
1-1: Foul Ball, location: 2F
1-2: Foul Ball, location: 2F
1-2: Fly out, F6 (Flyball, 6D, EV 83.1 MPH)
Top of the 4th over - 0 runs, 0 hits, 0 errors, 0 left on base; Gastonia 3 - Anderson 0
BOTTOM OF THE 4TH
Anderson Rebels batting - Pitching for Gastonia Rockets : RHP Rod Boxberger
Batting: RHB Henry Cotto 0-0: Swinging Strike
0-1: Ball
1-1: SINGLE (Line Drive, 9S, EV 98.1 MPH)
Batting: RHB Todd Demeter 0-0: Ball
1-0: Ball
2-0: Ball
3-0: Called Strike
3-1: Base on Balls
Henry Cotto to second
Batting: RHB Steve Lombardozzi 0-0: Called Strike
0-1: Fly out, F7 (Line Drive, 7, EV 86.3 MPH)
Batting: LHB Eli Aldridge 0-0: Foul Ball, location: 2F
0-1: Ball
Todd Demeter steals 2nd base (no throw)
Henry Cotto steals 3rd base
1-1: Foul Ball, location: 2F
1-2: Ball
2-2: SINGLE (Groundball, 6MD, EV 98.8 MPH)
Henry Cotto scores
Todd Demeter to third
Batting: RHB Guillermo Montiel 0-0: Ball
Eli Aldridge steals 2nd base
1-0: Ball
2-0: Ball
3-0: Called Strike
3-1: Ground out 5-3 (Groundball, 56, EV 106.3 MPH)
Todd Demeter scores
Batting: RHB Pat Dempsey 0-0: Foul Ball, location: 2F
0-1: Fly out, F8 (Flyball, 8LXD, EV 107.5 MPH)
Bottom of the 4th over - 2 runs, 2 hits, 0 errors, 1 left on base; Gastonia 3 - Anderson 2
TOP OF THE 5TH
Gastonia Rockets batting - Pitching for Anderson Rebels : RHP Steven Smith
Batting: RHB Jackie Wright 0-0: Called Strike
0-1: Foul Ball, location: 2F
0-2: Strikes out looking
Batting: RHB James Crawford 0-0: Foul Ball, location: 2F
0-1: DOUBLE (Line Drive, 3D, EV 98.8 MPH)
Batting: RHB john W Russell 0-0: Ground out 4-3 (Groundball, 4, EV 81.3 MPH)
James Crawford to third
Batting: RHB Mark Davidson 0-0: Ball
1-0: Swinging Strike
1-1: SINGLE (Groundball, 34D, EV 107.5 MPH)
James Crawford scores
Batting: RHB Gary Skow 0-0: Foul Ball, location: 2F
0-1: Ball
Mark Davidson steals 2nd, throwing error, E2
Mark Davidson to third
1-1: Called Strike
1-2: Fly out, F8 (Flyball, 8LXD, EV 105.6 MPH)
Top of the 5th over - 1 run, 2 hits, 1 error, 1 left on base; Gastonia 4 - Anderson 2
BOTTOM OF THE 5TH
Anderson Rebels batting - Pitching for Gastonia Rockets : RHP Rod Boxberger
Batting: RHB Jose Bernhardt 0-0: Ball
1-0: Ball
2-0: Ball
3-0: Called Strike
3-1: Base on Balls
Batting: RHB Mike Gallego 0-0: Bunt missed!
0-1: Bunted foul
0-2: Ball
1-2: Grounds into double play, 4-6-3 (Groundball, 4, EV 81.9 MPH)
Batting: RHB Juan Blanco 0-0: Foul Ball, location: 2F
0-1: Ball
1-1: Called Strike
1-2: SINGLE (Groundball, 6S, EV 74.4 MPH) (infield hit)
Batting: RHB Henry Cotto 0-0: Ball
1-0: Called Strike
1-1: Fielders Choice at 2nd, 6-4 (Groundball, 6, EV 83.1 MPH)
Bottom of the 5th over - 0 runs, 1 hit, 0 errors, 1 left on base; Gastonia 4 - Anderson 2
TOP OF THE 6TH
Gastonia Rockets batting - Pitching for Anderson Rebels : RHP Steven Smith
Batting: RHB Lance Viola 0-0: Called Strike
0-1: Fly out, F7 (Flyball, 7, EV 86.9 MPH)
Batting: RHB Pat Dumouchelle 0-0: Ball
1-0: Ball
2-0: Foul Ball, location: 2F
2-1: Ball
3-1: Base on Balls
Batting: RHB Jorge Monroig 0-0: Called Strike
0-1: Ball
1-1: Foul Ball, location: 2F
1-2: Fly out, F9 (Flyball, 9D, EV 91.9 MPH)
Batting: RHB Donald Murelli 0-0: Called Strike
0-1: Foul Ball, location: 2F
0-2: Ball
1-2: Fly out, F8 (Flyball, 8LD, EV 92.5 MPH)
Top of the 6th over - 0 runs, 0 hits, 0 errors, 1 left on base; Gastonia 4 - Anderson 2
BOTTOM OF THE 6TH
Anderson Rebels batting - Pitching for Gastonia Rockets : RHP Rod Boxberger
Batting: RHB Todd Demeter 0-0: Swinging Strike
0-1: Foul Ball, location: 2F
0-2: Strikes out swinging
Batting: RHB Steve Lombardozzi 0-0: Ball
1-0: Called Strike
1-1: Ball
2-1: Ball
3-1: Base on Balls
Batting: LHB Eli Aldridge 0-0: Ball
1-0: Fly out, F8 (Flyball, 78D, EV 81.3 MPH)
Batting: RHB Guillermo Montiel 0-0: Fly out, F9 (Line Drive, 9, EV 112.5 MPH)
Bottom of the 6th over - 0 runs, 0 hits, 0 errors, 1 left on base; Gastonia 4 - Anderson 2
TOP OF THE 7TH
Gastonia Rockets batting - Pitching for Anderson Rebels : RHP Steven Smith
Batting: RHB Jackie Wright 0-0: Ball
1-0: Swinging Strike
1-1: Foul Ball, location: 2F
1-2: Ball
2-2: SINGLE (Flyball, 5D, EV 87.5 MPH)
Batting: RHB James Crawford 0-0: Sac Bunt to 25 - play at first, batter OUT! 5-3
Jackie Wright to second
Batting: RHB john W Russell 0-0: Ball
1-0: Ball
2-0: Ball
3-0: SINGLE (Flyball, 8RS, EV 86.3 MPH)
Jackie Wright to third
Runner from 3rd tries for Home, SAFE, throw by CF to home
john W Russell to second
Pitching: LHP Jeffrey Kobernus
Batting: RHB Mark Davidson 0-0: Ball
1-0: Foul Ball, location: 2F
1-1: DOUBLE (Flyball, 89D, EV 91.3 MPH)
john W Russell scores
Batting: RHB Gary Skow 0-0: Ball
1-0: Called Strike
1-1: Ball
2-1: SINGLE (Flyball, 5D, EV 86.3 MPH)
Mark Davidson to third
Batting: RHB Lance Viola 0-0: Ball
1-0: Foul Ball, location: 2F
1-1: Fly out, F7 (Flyball, 78M, EV 86.9 MPH)
Batting: RHB Pat Dumouchelle 0-0: 3-RUN HOME RUN (Flyball, 78XD, EV 95.6 MPH), Distance : 402 ft
Batting: RHB Jorge Monroig 0-0: Ball
1-0: Foul Ball, location: 2F
1-1: Ball
2-1: Ball
3-1: Base on Balls
Batting: RHB Donald Murelli 0-0: Ball
1-0: Foul Ball, location: 2F
1-1: Ball
2-1: Called Strike
2-2: Foul Ball, location: 2F
2-2: Strikes out looking
Top of the 7th over - 5 runs, 5 hits, 0 errors, 1 left on base; Gastonia 9 - Anderson 2
BOTTOM OF THE 7TH
Anderson Rebels batting - Pitching for Gastonia Rockets : RHP Rod Boxberger
Batting: RHB Pat Dempsey 0-0: Ball
1-0: Ball
2-0: Swinging Strike
2-1: Foul Ball, location: 2F
2-2: Strikes out swinging
Pinch Hitting: RHB Roberto Dennis 0-0: Called Strike
0-1: Ball
1-1: Called Strike
1-2: Foul Ball, location: 2F
1-2: Strikes out swinging
Pinch Hitting: RHB James Christensen 0-0: Called Strike
0-1: Swinging Strike
0-2: Foul Ball, location: 2F
0-2: Fly out, F9 (Flyball, 9LM, EV 91.9 MPH)
Bottom of the 7th over - 0 runs, 0 hits, 0 errors, 0 left on base; Gastonia 9 - Anderson 2
TOP OF THE 8TH
Gastonia Rockets batting - Pitching for Anderson Rebels : LHP Jeffrey Kobernus
Now at 2B: James Christensen
Now in CF: Roberto Dennis
Batting: RHB Jackie Wright 0-0: Ball
1-0: Ball
2-0: Ground out 4-3 (Groundball, 4M, EV 79.4 MPH)
Pinch Hitting: RHB Ruben Brito 0-0: Ball
1-0: SINGLE (Groundball, 6MD, EV 94.4 MPH)
Batting: RHB john W Russell 0-0: Ball
1-0: Ball
Wild Pitch!
Ruben Brito to second
2-0: Foul Ball, location: 2F
2-1: SINGLE (Line Drive, 4MD, EV 95.6 MPH)
Ruben Brito to third
Runner from 3rd tries for Home, SAFE, throw by CF to home
Batting: RHB Mark Davidson 0-0: Called Strike
0-1: Swinging Strike
0-2: Ball
1-2: 2-RUN HOME RUN (Flyball, 7D, EV 101.3 MPH), Distance : 383 ft
Pitching: RHP Mike Cuellar
Pinch Hitting: RHB Stanley Haas 0-0: Swinging Strike
0-1: Foul Ball, location: 2F
0-2: Strikes out swinging
Batting: RHB Lance Viola 0-0: Fly out, F7 (Flyball, 78D, EV 90.6 MPH)
Top of the 8th over - 3 runs, 3 hits, 0 errors, 0 left on base; Gastonia 12 - Anderson 2
BOTTOM OF THE 8TH
Anderson Rebels batting - Pitching for Gastonia Rockets : RHP Rod Boxberger
Now at 1B: Stanley Haas
Now at 2B: Ruben Brito
Batting: RHB Juan Blanco 0-0: Called Strike
0-1: Foul Ball, location: 2F
0-2: Strikes out swinging
Batting: RHB Henry Cotto 0-0: Ground out 6-3 (Groundball, 6MD, EV 109.4 MPH)
Pinch Hitting: RHB Kyle Hawthorne 0-0: Ball
1-0: Swinging Strike
1-1: Ball
2-1: Ball
3-1: Called Strike
3-2: Fly out, F7 (Flyball, 78M, EV 91.3 MPH)
Bottom of the 8th over - 0 runs, 0 hits, 0 errors, 0 left on base; Gastonia 12 - Anderson 2
TOP OF THE 9TH
Gastonia Rockets batting - Pitching for Anderson Rebels : RHP Mike Cuellar
Now at 1B: Kyle Hawthorne
Batting: RHB Pat Dumouchelle 0-0: Called Strike
0-1: Ground out 5-3 (Groundball, 56, EV 103.8 MPH)
Batting: RHB Jorge Monroig 0-0: Called Strike
0-1: Swinging Strike
0-2: Strikes out swinging
Batting: RHB Donald Murelli 0-0: SINGLE (Groundball, 4M, EV 103.8 MPH) (infield hit)
Batting: RHB Jackie Wright 0-0: Ball
1-0: Ball
2-0: Ball
3-0: Called Strike
3-1: Base on Balls
Donald Murelli to second
Batting: RHB Ruben Brito 0-0: Ball
1-0: Called Strike
1-1: Ball
2-1: Ball
3-1: Swinging Strike
3-2: Fly out, F8 (Flyball, 8RM, EV 87.5 MPH)
Top of the 9th over - 0 runs, 1 hit, 0 errors, 2 left on base; Gastonia 12 - Anderson 2
BOTTOM OF THE 9TH
Anderson Rebels batting - Pitching for Gastonia Rockets : RHP Rod Boxberger
Batting: RHB Steve Lombardozzi 0-0: Foul Ball, location: 2F
0-1: Ball
1-1: Ball
2-1: Ball
3-1: Base on Balls
Batting: LHB Eli Aldridge 0-0: Ball
1-0: Called Strike
1-1: SINGLE (Line Drive, 34D, EV 96.9 MPH)
Steve Lombardozzi to second
Batting: RHB Guillermo Montiel 0-0: Ball
1-0: Ball
2-0: Fly out, F8 (Flyball, 89D, EV 105.0 MPH)
Runner from 2nd tags up, SAFE at 3rd, no throw by CF
Batting: RHB Pat Dempsey 0-0: Ball
1-0: Called Strike
1-1: Ball
2-1: Called Strike
2-2: Ball
3-2: Foul Ball, location: 2F
3-2: Foul Ball, location: 2F
3-2: SINGLE (Line Drive, 34, EV 95.0 MPH)
Steve Lombardozzi scores
Eli Aldridge to second
Batting: RHB Roberto Dennis 0-0: Called Strike
0-1: Ball
1-1: SINGLE (Groundball, 56D, EV 94.4 MPH)
Eli Aldridge to third
Pat Dempsey to second
Batting: RHB James Christensen 0-0: Ball
1-0: Ball
2-0: Called Strike
2-1: Ball
3-1: Called Strike
3-2: Fielders Choice at 2nd, 4-6 (Groundball, 4MD, EV 105.0 MPH)
Eli Aldridge scores
Pat Dempsey to third
Pitching: RHP Thomas DeRosa
Batting: RHB Juan Blanco 0-0: Called Strike
0-1: Fly out, F9 (Flyball, 9LS, EV 80.0 MPH)
Bottom of the 9th over - 2 runs, 3 hits, 0 errors, 2 left on base; Gastonia 12 - Anderson 4
Thursday, August 20th, 2020 - OOTP Baseball 21.5 Build 76